 Dungeon Crawl Stone Soup version 0.31-a0-521-gc7390f8997 (webtiles) character file.

Game seed: 14360714652561574734

763 Newt the Trooper (level 7, -1/56 HPs)
             Began as a Demonspawn Gladiator on Aug 10, 2023.
             Killed from afar by an orc wizard (6 damage)
             ... with a puff of flame
             ... on level 5 of the Dungeon.
             The game lasted 00:06:10 (4114 turns).

Newt the Trooper (Demonspawn Gladiator)             Turns: 4114, Time: 00:06:11

Health: -1/56      AC:  3    Str: 17    XL:     7   Next: 51%
Magic:  7/7        EV: 14    Int: 15    God:
Gold:   73         SH:  0    Dex: 17    Spells: 6/6 levels left

rFire   . . .        e - +2 dagger (venom)
rCold   . . .        (no shield)
rNeg    . . .        b - +1 leather armour
rPois   .            k - -2 helmet of Cotsas {Dex+3}
rElec   .            (no cloak)
rCorr   .            (no gloves)
SInv    .            (no boots)
Will    .....        (no amulet)
Stlth   ++           l - +6 ring of intelligence
HPRegen 0.29/turn    (no ring)
MPRegen 0.10/turn

%: no passive effects
@: no status effects
A: demonic magic 2, weakness stinger 1
a: no special abilities


You were on level 5 of the Dungeon.
You visited 1 branch of the dungeon, and saw 5 of its levels.

You collected 227 gold pieces.
You spent 154 gold pieces at shops.

Inventory:

Hand Weapons
 a - a +0 rapier
 e - a +2 dagger of venom (weapon)
Missiles
 h - a javelin
Armour
 b - a +1 leather armour (worn)
 c - a +0 helmet
 k - the -2 helmet of Cotsas (worn) {Dex+3}
   (You took it off Robin on level 4 of the Dungeon)

   Dex+3:     It affects your dexterity (+3).
 m - a +0 pair of boots
Magical Staves
 i - a staff of air
Jewellery
 l - a +6 ring of intelligence (left hand)
Scrolls
 d - 2 scrolls of identify
 g - a scroll of blinking
 n - 3 scrolls of teleportation
Potions
 f - 3 potions of heal wounds
 j - 2 potions of brilliance


   Skills:
 - Level 5.0 Fighting
 - Level 4.0 Short Blades
 - Level 1.7 Throwing
 - Level 5.0 Dodging
 - Level 2.0 Stealth
 + Level 3.1 Evocations


You had 6 spell levels left.
You didn't know any spells.
Your spell library contained the following spells:

 Spells                   Type           Power      Damage    Failure   Level
 Blink                    Tloc           0%         N/A       45%         2
 Lesser Beckoning         Tloc           0%         N/A       45%         2
 Momentum Strike          Conj/Tloc      0%         3d8       45%         2
 Portal Projectile        Hex/Tloc       0%         N/A       69%         3
 Tukima's Dance           Hex            0%         N/A       69%         3
 Iskenderun's Mystic Bla  Conj/Tloc      0%         2d3       97%         4
 Leda's Liquefaction      Hex/Erth       0%         N/A       97%         4
 Lee's Rapid Deconstruct  Erth           0%         3d4*      100%        5
 Leda's Unmaking          Conj/Erth      0%         9d1       100%        6


Dungeon Overview and Level Annotations

Branches:
Dungeon (5/15)
 Temple: D:4-7

Altars:

Shops:
D:1 =   D:2 !   D:4 *

Annotations:
D:3 2 transporters


Innate Abilities, Weirdness & Mutations

Spells you cast may paralyse nearby enemies.
You have a small tail.


Message History

Your tail-slap misses the orc priest.
The orc priest is lightly wounded.
The orc priest hits you with a +0 dagger.
You hit the orc priest but do no damage.
Your tail-slap misses the orc priest.
The orc priest is lightly wounded.
The orc priest casts a cantrip, but nothing happens.
The orc wizard barely misses you.
You hit the orc priest.
The orc priest looks as sick as possible!
The orc priest is lightly wounded.
You hit the orc priest.
The orc priest looks as sick as possible!
You tail-slap the orc priest.
The orc priest is heavily wounded.
The orc closely misses you.
The orc priest mumbles some strange prayers to Beogh against you.
Beogh smites you!
* * * LOW HITPOINT WARNING * * *
The orc wizard hits you but does no damage.
You hit the orc priest.
The orc priest looks as sick as possible!
The orc priest is severely wounded.
The orc priest invokes the aid of Beogh against you.
Beogh smites you!
* * * LOW HITPOINT WARNING * * *
The orc hits you with a +0 dagger.
* * * LOW HITPOINT WARNING * * *
The orc wizard hits you but does no damage.
Unknown command.
You kill the orc priest!
The orc wizard barely misses you.
Your Evocations skill increases to level 3!
There is a stone staircase leading down here.
Unknown command.
The orc hits you with a +0 dagger.
* * * LOW HITPOINT WARNING * * *
The orc wizard points at you and mumbles some strange words.
The puff of flame hits you.
You die...

..... . ....
###########. ...
#.........o# ..
#..........# .#
#..........# ##.#
#....###.###..######
#.#..##...)o@.......
#..........o........
#..##...####.#....##
##..(.).# #........
#.####)# #..#####.
#. #.# ####
#.####.#######
#.#..........#
#.#..........#


You could see an orc wizard and an orc.

Vanquished Creatures
  2 ogres
  A phantom (D:3)
  A scorpion (D:5)
  3 hounds (D:4)
  2 orc priests
  Jessica (D:2)
  Terence (D:2)
  An orc wizard (D:3)
  Robin (D:4)
  3 gnolls (D:5)
  7 adders
  An ufetubus (D:4)
  2 worms
  6 dart slugs
  7 orcs
  5 bats
  7 endoplasms
  2 giant cockroaches
  19 goblins
  10 hobgoblins
  6 quokkas
  7 ball pythons
  5 frilled lizards
  10 kobolds
  5 rats
115 creatures vanquished.

Notes
Turn   | Place    | Note
-------+----------+-------------------------------------------
     0 | D:1      | Newt the Demonspawn Gladiator began the quest for the Orb.
     0 | D:1      | Reached XP level 1. HP: 16/16 MP: 1/1
    46 | D:1      | Gained mutation: Spells you cast may paralyse adjacent
                  | enemies. [demonic ancestry]
    46 | D:1      | Reached XP level 2. HP: 12/23 MP: 2/2
   254 | D:1      | Reached skill level 1 in Stealth
   411 | D:1      | Found Pakhigei's Jewellery Shop.
   444 | D:1      | Gained mutation: You have a small tail. [demonic ancestry]
   444 | D:1      | Reached XP level 3. HP: 28/29 MP: 3/3
   535 | D:1      | Found a faded altar of an unknown god.
   741 | D:2      | Noticed Terence
   766 | D:2      | Killed Terence
   767 | D:2      | Reached XP level 4. HP: 13/35 MP: 4/4
   773 | D:2      | Noticed Jessica
   791 | D:2      | Killed Jessica
  1100 | D:2      | Found Fink's Distillery.
  1110 | D:2      | Bought a potion of heal wounds for 65 gold pieces
  1110 | D:2      | Bought a potion of curing for 39 gold pieces
  1198 | D:3      | Reached XP level 5. HP: 41/41 MP: 5/5
  1407 | D:3      | Noticed a phantom
  1424 | D:3      | Killed a phantom
  1749 | D:3      | Found a transporter.
  1834 | D:3      | Found a transporter.
  2102 | D:3      | Reached XP level 6. HP: 49/50 MP: 6/6
  2128 | D:3      | Reached skill level 5 in Fighting
  3202 | D:4      | Found Myamp's General Store.
  3205 | D:4      | Found Gymodec's Specific Store.
  3217 | D:4      | Bought a potion of heal wounds for 50 gold pieces
  3439 | D:4      | Identified the -2 helmet of Cotsas {Dex+3}
  3439 | D:4      | Noticed Robin
  3460 | D:4      | Killed Robin
  3461 | D:4      | Gained mutation: Spells you cast may paralyse nearby
                  | enemies. [demonic ancestry]
  3461 | D:4      | Reached XP level 7. HP: 39/56 MP: 7/7
  3880 | D:5      | Entered Level 5 of the Dungeon
  3979 | D:5      | Reached skill level 5 in Dodging
  3979 | D:5      | Reached skill level 1 in Evocations
  4114 | D:5      | Killed from afar by an orc wizard

Illustrated notes

Levels and vault maps discovered:
D:1:      dpeg_arrival_line_fractal, layout_rooms,
          dreamdust_ecumenical_altar_statues, serial_shops,
          nicolae_shop_statue_plus, minmay_tromino_i2
D:2:      layout_rooms, serial_shops, shop, hangedman_feature_mirror,
          serial_bayou_pond_d, uniq_jessica, uniq_terence
D:3:      gammafunk_wand_slinger, layout_basic
D:4:      layout_loops_corners, nicolae_specific_store, hangedman_decor_points,
          uniq_robin
D:5:      layout_rooms, hangedman_abyss_or_decor_stagger, grunt_decor_junction,
          hangedman_decor_opposing, minmay_checkerbox

Skill      XL: |  1  2  3  4  5  6  7 |
---------------+----------------------+-----
Fighting       | 3 4 5 |  5.0
Stealth        | 1 2 |  2.0
Short Blades   | 3 4 |  4.0
Dodging        | 4 5 |  5.0
Evocations     | 3 |  3.1
Throwing       | |  1.7

Action                     |  1- 3 |  4- 6 |  7- 9 || total
---------------------------+-------+-------+-------++-------
  Melee: Rapier            |   120 |   225 |       ||   345
         Punch             |     3 |     1 |     2 ||     6
         Tailslap          |     9 |    22 |    10 ||    41
         Dagger            |       |    49 |    62 ||   111
  Throw: Throwing net      |     2 |     2 |       ||     4
         Javelin           |       |     2 |       ||     2
    Use: Scroll            |     2 |     5 |     1 ||     8
         Potion            |       |     4 |       ||     4
   Stab: Sleeping          |     4 |     5 |       ||     9
         Held in net/web   |     1 |       |       ||     1
         Distracted        |       |     1 |       ||     1
 Armour: Leather armour    |    37 |    69 |     5 ||   111
         Skin              |       |     1 |       ||     1
  Dodge: Dodged            |    65 |   179 |    34 ||   278

Table legend: (Time is in decaauts)
 A = Elapsed time spent in this place.
 B = Non-inter-level travel time spent in this place.
 C = Inter-level travel time spent in this place.
 D = Time resting spent in this place.
 E = Time spent auto-exploring this place.
 F = Levels seen in this place.
 G = Mean time per level.
                   A        B        C        D        E       F      G
               +--------+--------+--------+--------+--------+-----+--------+
         Total |   4102 |   4006 |     96 |    583 |   2533 |   5 |  820.4 |
       Dungeon |   4102 |   4006 |     96 |    583 |   2533 |   5 |  820.4 |
               +--------+--------+--------+--------+--------+-----+--------+

Top non-repeatable levels by time:
     D:3: 1616 daAuts
     D:4: 1073 daAuts
     D:1: 595 daAuts
     D:2: 589 daAuts
     D:5: 228 daAuts
